 Dungeon Crawl Stone Soup version 0.27.1-34-g3ba077fa99 (webtiles) character file.

Game seed: 16532441335063190223

52 Dadi the Skirmisher (level 3, 0/34 HPs)
             Began as a Minotaur Fighter on Jan 4, 2022.
             Slain by Ijyb (4 damage)
             ... on level 3 of the Dungeon.
             The game lasted 00:02:01 (1765 turns).

Dadi the Skirmisher (Minotaur Fighter)              Turns: 1765, Time: 00:02:01

Health: 0/34       AC:  2    Str: 21    XL:     3   Next: 60%
Magic:  2/2        EV:  7    Int:  5    God:
Gold:   103        SH: 10    Dex: 15    Spells: 2/2 levels left

rFire    . . .     SeeInvis .   a - +0 long sword
rCold    . . .     Faith    .   c - +0 kite shield
rNeg     . . .     Spirit   .   b - +0 scale mail
rPois    .         Reflect  .   (helmet restricted)
rElec    .         Harm     .   (no cloak)
rCorr    .         Rampage  .   (no gloves)
Will     .....                  (no boots)
Stlth    ..........             (no amulet)
HPRegen  0.11/turn              h - +6 ring of dexterity
MPRegen  0.08/turn              (no ring)

@: corroded
A: horns 2, retaliatory headbutt
a: no special abilities


You were on level 3 of the Dungeon.
You visited 1 branch of the dungeon, and saw 3 of its levels.

You collected 103 gold pieces.

Inventory:

Hand Weapons
 a - a +0 long sword (weapon)
Armour
 b - a +0 scale mail (worn)
 c - a +0 kite shield (worn)
Jewellery
 h - a +6 ring of dexterity (left hand)
 i - a ring of fire
Scrolls
 e - a scroll of torment {unknown}
 f - 2 scrolls of identify {unknown}
 g - 2 scrolls of amnesia {unknown}
Potions
 d - a potion of might
 j - 2 potions of brilliance {unknown}


   Skills:
 + Level 4.7 Fighting
 + Level 3.9 Long Blades
 - Level 3.6 Armour
 - Level 3.6 Shields


You had 2 spell levels left.
You didn't know any spells.
Your spell library contained the following spells:

 Spells                   Type           Power      Damage    Failure   Level
 Sting                    Tmut/Pois      0%         1d3       99%         1
 Poisonous Vapours        Pois/Air       0%         N/A       100%        2
 Olgreb's Toxic Radiance  Pois           0%         N/A       100%        4


Dungeon Overview and Level Annotations

Branches:
Dungeon (3/15)

Altars:

Annotations:
D:3 Ijyb


Innate Abilities, Weirdness & Mutations

You have a pair of horns on your head.
You reflexively headbutt those who attack you in melee.


Message History

Ijyb the Twisted Goblin comes into view.
She is wielding a +0 club and carrying a wand of acid (14).
Ijyb shouts!
Ijyb moves out of view.
An endoplasm is nearby!
The endoplasm hits you.
There are monsters nearby!
You hit the endoplasm.
You kill the endoplasm!
A quokka comes into view.
Found a stone staircase leading down.
You block Ijyb's attack.
You hit Ijyb.
Ijyb is lightly wounded.
Ijyb zaps a wand.
The bolt of acid hits you!!
Ouch! That really hurt!
The acid corrodes you!
You are splashed with acid!
* * * LOW HITPOINT WARNING * * *
Ijyb barely misses you.
You barely miss Ijyb. You headbutt Ijyb, but do no damage.
Ijyb is lightly wounded.
You block Ijyb's attack.
You closely miss Ijyb.
Ijyb is lightly wounded.
You block Ijyb's attack.
The quokka twitches its whiskers.
Ijyb misses you.
You hit Ijyb.
Ijyb is lightly wounded.
Ijyb hits you with a +0 club.
* * * LOW HITPOINT WARNING * * *
You block the quokka's attack.
You closely miss Ijyb. You headbutt Ijyb, but do no damage.
Ijyb is lightly wounded.
You block the quokka's attack.
Ijyb zaps a wand.
The bolt of acid misses you. You block the quokka's attack.
You hit Ijyb. Your headbutt misses Ijyb.
Ijyb is moderately wounded.
You block Ijyb's attack.
The quokka bites you but does no damage.
Ijyb hits you with a +0 club.
You die...

...#..# ..#..#..
#####..
>...#...#......#
...#..#.........
..#..#..........
..............
#####.g#r.)....#
..(....@.......#
.##...##.######
(.#...###.##
#.........#
#.##.#..#......
. #..#.########
#.##.# #.#..#
###<#.##


You could see Ijyb and a quokka.

Vanquished Creatures
  2 dart slugs
  4 orcs (D:3)
  6 endoplasms
  A giant cockroach (D:1)
  3 goblins
  4 hobgoblins
  A quokka (D:1)
  4 ball pythons (D:1)
  4 bats (D:1)
  2 frilled lizards (D:1)
  7 kobolds
  3 rats
41 creatures vanquished.

Notes
Turn   | Place    | Note
-------+----------+-------------------------------------------
     0 | D:1      | Dadi the Minotaur Fighter began the quest for the Orb.
     0 | D:1      | Reached XP level 1. HP: 19/19 MP: 0/0
   206 | D:1      | Reached skill level 4 in Fighting
   231 | D:1      | Reached XP level 2. HP: 27/27 MP: 1/1
   668 | D:1      | Reached XP level 3. HP: 33/34 MP: 2/2
   688 | D:1      | Found a faded altar of an unknown god.
  1756 | D:3      | Noticed Ijyb
  1765 | D:3      | Slain by Ijyb

Illustrated notes

Levels and vault maps discovered:
D:1:      scummos_arrival_simple_crosswalls, layout_basic,
          hellmonk_ecumenical_altar_leap_of_faith
D:2:      layout_loops_ring
D:3:      layout_rooms, lemuel_doored_altar, minmay_misc_feat_diagonals,
          uniq_ijyb, uniq_grinder

Skill      XL: |  1  2 |
---------------+-------+-----
Fighting       | 4 |  4.7
Long Blades    | 3 |  3.9
Armour         | |  3.6
Shields        | |  3.6

Action                   || total
-------------------------++-------
Melee: Long sword        ||    96
       Headbutt          ||    13
Armor: Scale mail        ||    44
Dodge: Dodged            ||    26
Block: Kite shield       ||    57
       Rpst.: Long sword ||     4
